 Dungeon Crawl Stone Soup: Circus Animals version 1.7-37-g2c94cca (webtiles) character file.

28 Ihatecarrots00 the Grave Robber (level 5, 70/73 (81) HPs) *EASY*
             Began as a Demonspawn Necromancer on Sept 19, 2016.
             Was a Follower of Sif Muna.
             Quit the game on level 5 of the Dungeon on Sept 20, 2016.
             The game lasted 00:27:09 (5347 turns).

Ihatecarrots00 the Grave Robber (DsNe)              Turns: 5347, Time: 00:27:09

HP:   70/73 (81)    AC: 12    Str: 13    XL:     5   Next: 61%
MP:   100/100       EV:  3    Int: 16    God:    Sif Muna [*.....]
Gold: 338           SH:  0    Dex: 14    Spells: 4 memorised, 1 level left

rFire  . . .     rPois    .     (no weapon)
rCold  . . .     rElec    .     g - +1 plate armour
rNeg   . . .     rCorr    .     (no shield) MagicSh . . . SeeInvis .
                                (helmet restricted) StaminaSh . . . Faith .
                                (no cloak) RegenHP ..........
SustAt .                        (no gloves) RegenSP +++....... Dismiss .
                                (no boots) RegenMP +++....... Reflect .
                                (no amulet)
MR     .....     Harm     .     c - +4 ring of strength
Stlth  ..........               d - ring of wizardry

@: non-regenerating, diseased, slow, not resistant to hostile enchantments,
extremely unstealthy
A: antennae 1
a: Renounce Religion


You were on level 5 of the Dungeon.
You worshipped Sif Muna.
Sif Muna was aware of your devotion.
You were not hungry.

You visited 1 branch of the dungeon, and saw 5 of its levels.

You collected 338 gold pieces.

Inventory:

Armour
 a - a +0 robe
 b - a +0 leather armour
 g - a +1 plate armour (worn)
 i - a +2 pair of gloves
Jewellery
 c - a +4 ring of strength (right hand)
 d - a ring of wizardry (left hand)
 e - an uncursed ring of ice {unknown}
 f - an uncursed ring of protection from magic {unknown}
 h - an uncursed ring of fire {unknown}
 j - a +3 ring of evasion {unknown}
 k - a +5 amulet of reflection {unknown}
 m - an uncursed ring of ice {unknown}
 n - a cursed -6 ring of dexterity {unknown}
Wands
 l - a wand of teleportation (4/9)
Scrolls
 g - 2 scrolls of magic mapping
 m - 2 scrolls of teleportation
 n - 3 scrolls of fog
 o - 2 scrolls of random uselessness
 q - a scroll of immolation
Potions
 b - 4 potions of heal wounds
 c - 6 potions of stamina
 d - 8 potions of magic
 e - a potion of haste {unknown}
 f - 2 potions of degeneration {unknown}
 h - 2 potions of agility {unknown}
 i - 2 potions of brilliance {unknown}
 j - 3 potions of ambrosia {unknown}
 k - 10 potions of curing {unknown}
 l - 2 potions of flight {unknown}
 p - a potion of beneficial mutation {unknown}
Books
 a - a book of Necromancy

   Spells                             Type                      Level
   a - Pain                           Necromancy                   1
   b - Animate Skeleton               Necromancy                   1
   c - Vampiric Draining              Hexes/Necromancy             3
   d - Regeneration                   Charms/Necromancy            3
   e - Animate Dead                   Transmutation/Necromancy     4
   f - Control Undead                 Hexes/Necromancy             4


   Skills:
 + Level 1.2 Armour
 + Level 2.2 Dodging
 + Level 2.8 Stealth
 + Level 2.7 Spellcasting
 + Level 0.2 Hexes
 + Level 0.5 Charms
 + Level 4.6 Necromancy
 + Level 0.6 Invocations
 + Level 0.0 Evocations


You had one spell level left.
You knew the following spells:

 Your Spells              Type           Power        Failure   Level  Hunger
a - Pain                  Necr           #.........   9%          1    ##.....
b - Animate Skeleton      Necr           #.........   9%          1    ##.....
c - Vampiric Draining     Hex/Necr       #.........   32%         3    ###....
d - Regeneration          Chrm/Necr      #.........   32%         3    ###....


Dungeon Overview and Level Annotations

Branches:
Dungeon (5/7)

Altars:
Nemelex Xobeh
Pakellas
Sif Muna
Trog
Vehumet
Xom
Yredelemnul
Lugonu


Innate Abilities, Weirdness & Mutations

You have a pair of small antennae on your head.


Message History

No target in view!
No target in view!
No target in view!
No target in view!
No target in view!
No target in view!
No target in view!
No target in view!
No target in view!
No target in view!
No target in view!
No target in view!
The crimson imp blinks!
Exploring the dungeon...
A crimson imp is nearby!
A crimson imp is nearby!
The crimson imp blinks!
The crimson imp blinks!
Found an escape hatch in the floor.
Are you sure you want to abandon this character and quit the game? (Confirm with "yes".)

...## ##.. ...>##
##..# .....####...#
.....+ ......
.....# #...# ....#
#..##
...########..#####
...........5.....##
+###########.###@.#
#.# ##.# #.# .# #.#
.. ..# #.# ### .. .
#.# ..


You could see a crimson imp.

Vanquished Creatures
  2 scorpions
  A water moccasin skeleton (D:4)
  Blork the orc (D:4)
  A giant frog skeleton (D:4)
  A dart slug (D:1)
  2 orc priests
  5 giant geckos
  An iguana (D:5)
  14 orcs
  2 orc wizards
  A worker ant (D:4)
  Natasha (D:3)
  5 adders
  3 ball pythons
  A bat skeleton (D:2)
  7 giant cockroaches
  14 goblins
  9 hobgoblins
  4 jackals
  19 kobolds
  4 quokkas
  2 adder skeletons (D:2)
  3 adder zombies (D:2)
  A ball python skeleton (D:2)
  12 bats
  A giant gecko skeleton (D:2)
  A giant gecko zombie (D:2)
  11 giant newts
  A jackal skeleton (D:4)
  A jackal zombie (D:2)
  2 oozes (D:1)
  A quokka skeleton (D:2)
  A quokka zombie (D:2)
  15 rats
  5 worms
155 creatures vanquished.

Vanquished Creatures (others)
  2 goblins (D:1)
  A hobgoblin (D:1)
  A kobold (D:1)
  4 toadstools (D:1)
8 creatures vanquished.

Grand Total: 163 creatures vanquished

Notes
Turn   | Place    | Note
-------+----------+-------------------------------------------
     0 | D:1      | Ihatecarrots00 the Demonspawn Necromancer began the quest for the Orb.
     0 | D:1      | Reached XP level 1. HP: 37/37 MP: 100/100
     8 | D:1      | Learned a level 1 spell: Animate Skeleton
   229 | D:1      | Gained mutation: You have a pair of small antennae on your head. [demonic ancestry]
   229 | D:1      | Reached XP level 2. HP: 43/48 MP: 73/100
   360 | D:1      | Reached XP level 3. HP: 54/59 MP: 73/100
   676 | D:1      | Learned a level 3 spell: Vampiric Draining
  1087 | D:2      | Found a sparkling altar of Nemelex Xobeh.
  1209 | D:2      | Reached XP level 4. HP: 67/70 MP: 100/100
  1855 | D:2      | Learned a level 3 spell: Regeneration
  1873 | D:2      | Noticed a shadow
  1873 | D:2      | Noticed a shadow
  1959 | D:2      | Found a deep blue altar of Sif Muna.
  1969 | D:2      | Became a worshipper of Sif Muna the Loreminder
  2023 | D:2      | Found a bloodstained altar of Trog.
  2023 | D:2      | Found a radiant altar of Vehumet.
  2300 | D:3      | Reached skill level 1 in Armour
  2672 | D:3      | Reached XP level 5. HP: 81/81 MP: 96/100
  2771 | D:3      | Reached * piety under Sif Muna
  3427 | D:3      | Noticed Natasha
  3436 | D:3      | Killed Natasha
  3759 | D:4      | Found an oddly glowing altar of Pakellas.
  4265 | D:4      | Noticed Blork the orc
  4275 | D:4      | Killed Blork the orc
  4664 | D:4      | Found a corrupted altar of Lugonu.
  4665 | D:4      | Found a shimmering altar of Xom.
  4665 | D:4      | Found a faded altar of an unknown god.
  4666 | D:4      | Found a corrupted altar of Lugonu.
  4737 | D:5      | Entered Level 5 of the Dungeon
  4763 | D:5      | Found a basalt altar of Yredelemnul.
  5347 | D:5      | Quit the game

Skill      XL: |  1  2  3  4 |
---------------+-------------+-----
Dodging        | 2 |  2.2
Armour         | 1 |  1.2
Stealth        | |  2.8
Spellcasting   | |  2.7
Hexes          | |  0.2
Charms         | |  0.5
Necromancy     | |  4.6
Invocations    | |  0.6

Action                   |  1- 3 |  4- 6 || total
-------------------------+-------+-------++-------
Melee: Unarmed           |    14 |   577 ||   591
 Cast: Pain              |    67 |   185 ||   252
       Vampiric Draining |     1 |     5 ||     6
       Regeneration      |       |     4 ||     4
  Use: Scroll            |     2 |     8 ||    10
       Potion            |       |     1 ||     1
Armor: Leather armour    |     7 |    19 ||    26
       Plate armour      |       |   271 ||   271
Dodge: Dodged            |    35 |   298 ||   333
